AoeStats
← Ts1ba

Arena

509624161Analyzed
1v1 RM · 5d ago on Sep 27, 2026· 38m 6s· 2 players
Game mode
Random Map
Map size
Tiny (2 player)
Population
200
Speed
Normal
Resources
Standard
Victory
Conquest
Starting age
Dark Age
Ending age
Imperial Age
RankedLock teamsTeams togetherTeam positionsShared explorationLock speedFull tech treeHidden civsTurbo modeCheats
Victory
Defeat
🇬🇧 Vietnamese · United Kingdom
1015
+16
🇬🇪 Malay · Georgia
1006
-16
Ts1ba
11:19 Feudal Age
10:51 Horse Collar
11:57 Wheelbarrow
11:44 Double-Bit Axe
14:47 Stone Mining
19:50 Castle Age
18:07 Gold Mining
21:31 Bow Saw
22:49 Hand Cart
23:54 Heavy Plow
24:07 Loom
26:59 Loom
28:34 Gold Shaft Mining
28:35 Stone Shaft Mining
29:10 Squires
28:56 Arson
32:43 Imperial Age
31:20 Forging
31:17 Scale Barding Armor
31:46 Town Watch
32:45 Iron Casting
33:14 Chemistry
32:35 Ballistics
32:01 Treadmill Crane
32:33 Masonry
32:54 Town Patrol
32:40 Loom
33:13 Husbandry
33:14 Elite Battle Elephant
34:47 Crop Rotation
36:19 Blast Furnace
bertie.horne
10:08 Feudal Age
16:03 Castle Age
14:27 Double-Bit Axe
14:26 Horse Collar
15:38 Loom
17:31 Bow Saw
17:24 Heavy Plow
17:20 Gold Mining
21:11 Wheelbarrow
22:17 Hand Cart
22:06 Stone Mining
23:39 Elite Skirmisher
26:46 Stone Shaft Mining
29:21 Imperial Age
28:02 Squires
27:23 Pikeman
28:33 Ballistics
28:22 Padded Archer Armor
28:12 Fletching
28:33 Forging
28:23 Scale Mail Armor
29:13 Thumb Ring
29:59 Leather Archer Armor
30:42 Crop Rotation
31:20 Two-Man Saw
32:11 Chemistry
30:36 Imperial Skirmisher
31:53 Halberdier
32:42 Bodkin Arrow
33:31 Chain Mail Armor
34:20 Paper Money
34:26 Bracer
35:01 Ring Archer Armor
38:45 Plate Mail Armor
38:51 Iron Casting
Connection lost

Rejoining the realm…

Still unreachable

The connection could not be restored.

Session expired

The server has moved on; the page needs a fresh start.